Jets vs BlackHawks

Created - 13 avril 2019 at 23:25

Goals
1 2 3 T
Jets 1 2 2 5
BlackHawks 0 0 1 1
Shots
1 2 3 T
Jets 12 16 12 40
BlackHawks 8 9 6 23

1st period

1. Jets , Patrice Bergeron 33 (Jay Bouwmeester 19, Cam Atkinson 39) at 2:59 (PP)

Penalties :
Scottie Upshall (CHI) for Cross-checking (Minor) at 1:49, Niklas Kronwall (WPG) for Interference (Minor) at 4:21, Tom Wilson (CHI) for Hooking (Minor) at 9:57, Carter Rowney (WPG) for Hooking (Minor) at 16:11, Tom Wilson (CHI) for Diving (Minor) at 19:14

2nd period

2. Jets , Jake Muzzin 9 (Patrice Bergeron 32, Jeff Skinner 31) at 4:03 (PP)
3. Jets , Carl Soderberg 24 (Tomas Tatar 12, Carter Rowney 6) at 9:26

Penalties :
Zach Bogosian (WPG) for Holding (Minor) at 1:38, Brent Seabrook (CHI) for Tripping (Minor) at 3:41, Shea Weber (CHI) for Tripping (Minor) at 12:14, Darnell Nurse (CHI) for Hooking (Minor) at 16:07

3rd period

4. Jets , Jake Muzzin 10 (Niklas Kronwall 22, Bryan Rust 25) at 0:48 (PP)
5. BlackHawks , Chris Tierney 8 (Boone Jenner 25, Tom Wilson 11) at 12:36
6. Jets , Tomas Tatar 10 (Mika Zibanejad 37, Niklas Kronwall 23) at 18:26

Penalties :
Dion Phaneuf (CHI) for Roughing (Minor) at 0:13, Johnny Oduya (CHI) for Tripping (Minor) at 9:41

Goalie Stats

Ryan Miller (WPG), 22 saves from 23 shots - (0.957), W, 25-32-8, 60:00 minutes
Carey Price (CHI), 35 saves from 40 shots - (0.875), L, 29-26-9, 60:00 minutes

Players Stats for Jets

Player Name              G  A  P  +/- PIM S  H  SB GA TA FO     MP     PP MP  PK MP  
------------------------------------------------------------------------------------
Bryan Rust               0  1  1   1  0   2  3  1  0  0  4/6    23:00   6:14   2:09 
Cam Atkinson             0  1  1   0  0   6  1  0  0  0  2/2    20:18   5:48   0:00 
Carl Soderberg           1  0  1   0  0   3  2  1  0  0  1/4    10:44   0:00   3:48 
Carter Rowney            0  1  1   1  2   0  0  0  0  0  0/1     6:33   0:00   1:32 
Hampus Lindholm          0  0  0   0  0   3  1  3  0  0  0/0    23:16   5:21   2:47 
Jake Guentzel            0  0  0   0  0   0  1  0  0  0  0/0     3:14   1:51   0:00 
Jake Muzzin              2  0  2   0  0   2  1  2  0  0  0/0    25:01   6:41   3:10 
Jay Bouwmeester          0  1  1   2  0   1  1  1  0  0  0/0    20:59   5:00   3:10 
Jeff Skinner             0  1  1   0  0   2  0  0  0  0  0/1    20:18   5:48   0:00 
Josh Anderson            0  0  0  -1  0   1  1  0  0  0  0/2    13:57   0:35   0:00 
Luca Sbisa               0  0  0  -1  0   0  1  0  0  0  0/0    14:02   0:00   0:00 
Mika Zibanejad           0  1  1   1  0   4  0  0  0  0  13/26  20:51   6:14   0:00 
Mikko Koivu              0  0  0  -1  0   3  0  0  0  0  9/16   12:15   0:00   3:48 
Niklas Kronwall          0  2  2   2  2   3  2  0  0  0  0/0    20:49   7:02   0:59 
Ondrej Kase              0  0  0   0  0   0  0  0  0  0  0/0     0:00   0:00   0:00 
Patrice Bergeron         1  1  2   0  0   4  0  0  0  0  12/26  22:19   5:48   0:37 
Tomas Tatar              1  1  2   2  0   5  1  0  0  0  1/1    20:33   3:48   0:00 
Zach Bogosian            0  0  0  -1  2   1  1  1  0  0  0/0    15:51   0:00   1:48 

Players Stats for BlackHawks

Player Name              G  A  P  +/- PIM S  H  SB GA TA FO     MP     PP MP  PK MP  
------------------------------------------------------------------------------------
Alex Galchenyuk          0  0  0   0  0   4  0  1  0  0  0/1    16:48   3:12   1:09 
Andrew Copp              0  0  0   0  0   2  0  0  0  0  0/0     3:51   0:00   0:00 
Anze Kopitar             0  0  0  -1  0   2  1  1  0  0  7/13   16:44   2:45   1:07 
Blake Comeau             0  0  0  -1  0   1  4  0  0  0  3/3    22:30   2:45   6:53 
Boone Jenner             0  1  1   0  0   1  0  0  0  0  2/2    12:51   0:00   0:00 
Brady Skjei              0  0  0   0  0   0  3  1  0  0  0/0    17:07   2:53   0:49 
Brent Seabrook           0  0  0   1  2   0  2  4  0  0  0/0    18:09   0:00   6:17 
Chris Tierney            1  0  1   0  0   2  0  0  0  0  5/18   16:18   0:00   3:27 
Corey Perry              0  0  0   0  0   1  3  0  0  0  1/1    15:39   3:12   0:00 
Darnell Nurse            0  0  0   0  2   2  2  2  0  0  0/0    21:41   2:53   5:24 
Dion Phaneuf             0  0  0  -2  2   1  2  3  0  0  0/0    23:53   3:04   5:30 
Evgeny Kuznetsov         0  0  0   0  0   3  1  0  0  0  11/22  15:39   3:12   0:00 
Jay Beagle               0  0  0   0  0   0  0  1  0  0  14/23  12:12   0:00   8:21 
Johnny Oduya             0  0  0   1  2   0  2  2  0  0  0/0    14:11   0:00   0:56 
Kyle Palmieri            0  0  0  -1  0   2  3  0  0  0  0/2    15:37   2:45   0:00 
Scottie Upshall          0  0  0   0  2   0  1  0  0  0  0/0     6:57   0:00   3:07 
Shea Weber               0  0  0  -2  2   2  2  0  0  0  0/0    24:54   3:04   5:08 
Tom Wilson               0  1  1   0  4   0  3  0  0  0  0/0    12:49   0:00   0:00 

3 Stars

1 - Jake Muzzin (WPG)
2 - Tomas Tatar (WPG)
3 - Patrice Bergeron (WPG)

Power Play

Jets - 3 on 8 Attempt(s) - 37.50%
BlackHawks - 0 on 3 Attempt(s) - 0.00%

Penalty Kill

Jets - 3 on 3 Attempt(s) - 100.00% - Score 0 goal in Penalty Kill
BlackHawks - 5 on 8 Attempt(s) - 62.50% - Score 0 goal in Penalty Kill

Team Stat

Jets - Hits : 16 - Faceoff Wins : 42 - Blocked Shots : 9 - Penalty Minutes : 6
BlackHawks - Hits : 29 - Faceoff Wins : 43 - Blocked Shots : 15 - Penalty Minutes : 16

Official

Referees : Greg Kimmerly and Steve Kozari
Linesman : Darren Gibbs and Shandor Alphonso

Game Notes

Jake Guentzel is injured at 13:12 of 1st period (Sprained Right Knee)

Finance

Level 1 -- Attendance: 5854 (90.06%) -- Ticket Income 643 940 $
Level 2 -- Attendance: 4395 (87.90%) -- Ticket Income 329 625 $
Level 3 -- Attendance: 3170 (90.57%) -- Ticket Income 177 520 $
Level 4 -- Attendance: 2825 (76.00%) -- Ticket Income 113 000 $
Luxury Box -- Attendance: 983 (98.30%) -- Ticket Income 195 617 $
Game was played at the United Center.
Total Attendance: 17227 (87.37%)
Total Ticket Income: 1 459 702 $
Other Income: 715 254 $
Total Income: 2 174 956 $

% Time on Ice - Jets

Lines # - Real PCT - Wanted PCT - Time Play
Normal Forward
1 - 35% - 40% - 14:30
2 - 35% - 34% - 14:37
3 - 20% - 19% - 8:27
4 - 11% - 7% - 4:27
Normal Defense
1 - 36% - 40% - 15:08
2 - 31% - 30% - 12:49
3 - 33% - 20% - 14:02
4 - 0% - 10% - 0:02
PP Forward
1 - 48% - 60% - 5:48
2 - 52% - 40% - 6:14
PP Defense
1 - 56% - 60% - 6:41
2 - 44% - 40% - 5:21
PK Forward
1 - 64% - 60% - 3:48
2 - 36% - 40% - 2:09
PK Defense
1 - 53% - 70% - 3:10
2 - 47% - 30% - 2:47
PK3 Forward
1 - 0% - 60%
2 - 0% - 40%
PK3 Defense
1 - 0% - 60%
2 - 0% - 40%
44 Forward
1 - 0% - 60%
2 - 0% - 40%
44 Defense
1 - 0% - 60%
2 - 0% - 40%
Last Minute Offensive  - 0:00
Last Minute Defensive  - 0:00
Total
Forward - 60:00
Defense - 60:00

% Time on Ice - BlackHawks

Lines # - Real PCT - Wanted PCT - Time Play
Normal Forward
1 - 31% - 32% - 12:52
2 - 30% - 31% - 12:27
3 - 31% - 27% - 12:51
4 - 9% - 10% - 3:51
Normal Defense
1 - 39% - 40% - 16:28
2 - 32% - 30% - 13:25
3 - 28% - 20% - 11:53
4 - 1% - 10% - 0:15
PP Forward
1 - 46% - 60% - 2:45
2 - 54% - 40% - 3:12
PP Defense
1 - 52% - 60% - 3:04
2 - 48% - 40% - 2:53
PK Forward
1 - 71% - 60% - 8:32
2 - 29% - 40% - 3:30
PK Defense
1 - 45% - 60% - 5:23
2 - 55% - 40% - 6:39
PK3 Forward
1 - 0% - 60%
2 - 0% - 40%
PK3 Defense
1 - 0% - 60%
2 - 0% - 40%
44 Forward
1 - 0% - 60%
2 - 0% - 40%
44 Defense
1 - 0% - 60%
2 - 0% - 40%
Last Minute Offensive  - 0:00
Last Minute Defensive  - 0:00
Total
Forward - 60:00
Defense - 60:00

Play-by-Play

1st period


0:01 of 1st period - Anze Kopitar wins face-off versus Jeff Skinner in neutral zone.
0:17 of 1st period - Shot by Patrice Bergeron.
0:17 of 1st period - Shot Misses the Net.
0:19 of 1st period - Shot by Cam Atkinson.
0:19 of 1st period - Shot Misses the Net.
0:32 of 1st period - Icing by Jeff Skinner.
0:33 of 1st period - Evgeny Kuznetsov wins face-off versus Patrice Bergeron in Jets zone.
0:42 of 1st period - Shot by Evgeny Kuznetsov.
0:42 of 1st period - Stopped by Ryan Miller without a rebound.
0:43 of 1st period - Mika Zibanejad wins face-off versus Chris Tierney in Jets zone.
1:14 of 1st period - Shot by Chris Tierney.
1:14 of 1st period - Stopped by Ryan Miller without a rebound.
1:15 of 1st period - Evgeny Kuznetsov wins face-off versus Mikko Koivu in Jets zone.
1:18 of 1st period - Shot by Alex Galchenyuk.
1:18 of 1st period - Shot Misses the Net.
1:20 of 1st period - Shot by Evgeny Kuznetsov.
1:20 of 1st period - Shot Blocked by Zach Bogosian.
1:34 of 1st period - Shot by Corey Perry.
1:34 of 1st period - Stopped by Ryan Miller without a rebound.
1:35 of 1st period - Jay Beagle wins face-off versus Patrice Bergeron in Jets zone.
1:49 of 1st period - Minor Penalty to Scottie Upshall for Cross-checking.
1:50 of 1st period - Jay Beagle wins face-off versus Mika Zibanejad in BlackHawks zone.
1:50 of 1st period - Jay Beagle is hit by Jake Guentzel.
2:03 of 1st period - Mika Zibanejad is hit by Dion Phaneuf and loses puck.
2:15 of 1st period - Icing by Bryan Rust.
2:16 of 1st period - Mika Zibanejad wins face-off versus Chris Tierney in Jets zone.
2:55 of 1st period - Shot by Patrice Bergeron.
2:55 of 1st period - Shot Blocked by Dion Phaneuf.
2:57 of 1st period - Shot by Jay Bouwmeester.
2:57 of 1st period - Stopped by Carey Price with a rebound.
2:59 of 1st period - Shot by Patrice Bergeron.
2:59 of 1st period - Goal by Patrice Bergeron - Jets : 1 - BlackHawks : 0.
3:00 of 1st period - Evgeny Kuznetsov wins face-off versus Mikko Koivu in neutral zone.
3:10 of 1st period - Josh Anderson is hit by Brady Skjei and loses puck.
3:40 of 1st period - Shot by Alex Galchenyuk.
3:40 of 1st period - Shot Misses the Net.
4:01 of 1st period - Icing by Niklas Kronwall.
4:02 of 1st period - Patrice Bergeron wins face-off versus Kyle Palmieri in Jets zone.
4:02 of 1st period - Patrice Bergeron is hit by Anze Kopitar.
4:20 of 1st period - Icing by Jay Bouwmeester.
4:21 of 1st period - Chris Tierney wins face-off versus Patrice Bergeron in Jets zone.
4:21 of 1st period - Minor Penalty to Niklas Kronwall for Interference.
4:22 of 1st period - Anze Kopitar wins face-off versus Mikko Koivu in Jets zone.
5:23 of 1st period - Icing by Darnell Nurse.
5:24 of 1st period - Bryan Rust wins face-off versus Evgeny Kuznetsov in BlackHawks zone.
5:24 of 1st period - Bryan Rust is hit by Brady Skjei.
7:35 of 1st period - Jay Beagle is hit by Hampus Lindholm and loses puck.
8:20 of 1st period - Jake Guentzel is hit by Brady Skjei and loses puck.
8:26 of 1st period - Mika Zibanejad is hit by Darnell Nurse and loses puck.
8:57 of 1st period - Shot by Patrice Bergeron.
8:57 of 1st period - Shot Misses the Net.
8:59 of 1st period - Shot by Patrice Bergeron.
8:59 of 1st period - Shot Misses the Net.
9:05 of 1st period - Shot by Jeff Skinner.
9:05 of 1st period - Shot Misses the Net.
9:09 of 1st period - Shot by Cam Atkinson.
9:09 of 1st period - Shot Misses the Net.
9:11 of 1st period - Shot by Patrice Bergeron.
9:11 of 1st period - Stopped by Carey Price with a rebound.
9:13 of 1st period - Shot by Jeff Skinner.
9:13 of 1st period - Stopped by Carey Price without a rebound.
9:14 of 1st period - Evgeny Kuznetsov wins face-off versus Carl Soderberg in BlackHawks zone.
9:14 of 1st period - Evgeny Kuznetsov is hit by Carl Soderberg.
9:29 of 1st period - Shot by Alex Galchenyuk.
9:29 of 1st period - Shot Blocked by Carl Soderberg.
9:31 of 1st period - Shot by Evgeny Kuznetsov.
9:31 of 1st period - Shot Misses the Net.
9:33 of 1st period - Shot by Shea Weber.
9:33 of 1st period - Stopped by Ryan Miller with a rebound.
9:35 of 1st period - Shot by Corey Perry.
9:35 of 1st period - Deflect By Alex Galchenyuk.
9:35 of 1st period - Stopped by Ryan Miller with a rebound.
9:45 of 1st period - Shot by Evgeny Kuznetsov.
9:45 of 1st period - Deflect By Alex Galchenyuk.
9:45 of 1st period - Shot Misses the Net.
9:47 of 1st period - Shot by Evgeny Kuznetsov.
9:47 of 1st period - Shot Misses the Net.
9:49 of 1st period - Shot by Dion Phaneuf.
9:49 of 1st period - Stopped by Ryan Miller without a rebound.
9:50 of 1st period - Mika Zibanejad wins face-off versus Chris Tierney in Jets zone.
9:50 of 1st period - Mika Zibanejad is hit by Tom Wilson.
9:57 of 1st period - Minor Penalty to Tom Wilson for Hooking.
9:58 of 1st period - Jay Beagle wins face-off versus Patrice Bergeron in BlackHawks zone.
10:18 of 1st period - Off-side.
10:19 of 1st period - Jay Beagle wins face-off versus Bryan Rust in neutral zone.
10:48 of 1st period - Shot by Hampus Lindholm.
10:48 of 1st period - Shot Misses the Net.
11:21 of 1st period - Shot by Jake Muzzin.
11:21 of 1st period - Shot Misses the Net.
11:23 of 1st period - Shot by Cam Atkinson.
11:23 of 1st period - Shot Misses the Net.
11:25 of 1st period - Shot by Cam Atkinson.
11:25 of 1st period - Stopped by Carey Price with a rebound.
11:27 of 1st period - Shot by Niklas Kronwall.
11:27 of 1st period - Stopped by Carey Price without a rebound.
11:28 of 1st period - Jay Beagle wins face-off versus Patrice Bergeron in BlackHawks zone.
11:45 of 1st period - Shot by Patrice Bergeron.
11:45 of 1st period - Shot Misses the Net.
11:47 of 1st period - Shot by Niklas Kronwall.
11:47 of 1st period - Stopped by Carey Price without a rebound.
11:48 of 1st period - Chris Tierney wins face-off versus Patrice Bergeron in BlackHawks zone.
12:10 of 1st period - Shot by Evgeny Kuznetsov.
12:10 of 1st period - Stopped by Ryan Miller without a rebound.
12:11 of 1st period - Mikko Koivu wins face-off versus Chris Tierney in Jets zone.
12:11 of 1st period - Mikko Koivu is hit by Tom Wilson.
12:39 of 1st period - Shot by Tomas Tatar.
12:39 of 1st period - Stopped by Carey Price with a rebound.
12:56 of 1st period - Icing by Jake Muzzin.
12:57 of 1st period - Anze Kopitar wins face-off versus Mikko Koivu in Jets zone.
13:06 of 1st period - Shot by Blake Comeau.
13:06 of 1st period - Shot Misses the Net.
13:08 of 1st period - Shot by Kyle Palmieri.
13:08 of 1st period - Shot Misses the Net.
13:10 of 1st period - Shot by Darnell Nurse.
13:10 of 1st period - Stopped by Ryan Miller without a rebound.
13:11 of 1st period - Mika Zibanejad wins face-off versus Alex Galchenyuk in Jets zone.
13:11 of 1st period - Jake Guentzel is hit by Corey Perry and loses puck.
13:12 of 1st period - Jake Guentzel from Jets is injured at 13:12 of 1st period (Sprained Right Knee).
13:13 of 1st period - Mika Zibanejad wins face-off versus Evgeny Kuznetsov in Jets zone.
13:13 of 1st period - Bryan Rust is hit by Evgeny Kuznetsov and loses puck.
14:18 of 1st period - Shot by Tomas Tatar.
14:18 of 1st period - Deflect By Carl Soderberg.
14:18 of 1st period - Stopped by Carey Price with a rebound.
14:20 of 1st period - Shot by Carl Soderberg.
14:20 of 1st period - Stopped by Carey Price without a rebound.
14:21 of 1st period - Boone Jenner wins face-off versus Patrice Bergeron in BlackHawks zone.
14:23 of 1st period - Icing by Tom Wilson.
14:24 of 1st period - Chris Tierney wins face-off versus Patrice Bergeron in BlackHawks zone.
16:03 of 1st period - Kyle Palmieri is hit by Zach Bogosian and loses puck.
16:11 of 1st period - Minor Penalty to Carter Rowney for Hooking.
16:12 of 1st period - Mikko Koivu wins face-off versus Evgeny Kuznetsov in Jets zone.
16:27 of 1st period - Icing by Darnell Nurse.
16:28 of 1st period - Mikko Koivu wins face-off versus Evgeny Kuznetsov in BlackHawks zone.
16:47 of 1st period - Icing by Alex Galchenyuk.
16:48 of 1st period - Carl Soderberg wins face-off versus Evgeny Kuznetsov in BlackHawks zone.
17:00 of 1st period - Off-side.
17:01 of 1st period - Blake Comeau wins face-off versus Mikko Koivu in neutral zone.
18:37 of 1st period - Shot by Cam Atkinson.
18:37 of 1st period - Shot Blocked by Brent Seabrook.
18:39 of 1st period - Shot by Cam Atkinson.
18:39 of 1st period - Stopped by Carey Price with a rebound.
18:49 of 1st period - Tom Wilson is hit by Bryan Rust.
18:57 of 1st period - Shot by Tomas Tatar.
18:57 of 1st period - Deflect By Mika Zibanejad.
18:57 of 1st period - Shot Blocked by Johnny Oduya.
18:59 of 1st period - Shot by Tomas Tatar.
18:59 of 1st period - Stopped by Carey Price with a rebound.
19:14 of 1st period - Minor Penalty to Tom Wilson for Diving.
19:15 of 1st period - Jay Beagle wins face-off versus Patrice Bergeron in BlackHawks zone.
19:45 of 1st period - Off-side.
19:46 of 1st period - Jay Beagle wins face-off versus Mika Zibanejad in neutral zone.
19:56 of 1st period - Off-side.
19:57 of 1st period - Jay Beagle wins face-off versus Mika Zibanejad in neutral zone.
Goals for this period are 1 for Jets vs 0 for BlackHawks.
Shots for this period are 12 for Jets vs 8 for BlackHawks.

2nd period


0:01 of 2nd period - Patrice Bergeron wins face-off versus Jay Beagle in neutral zone.
0:01 of 2nd period - Niklas Kronwall is hit by Blake Comeau and loses puck.
0:19 of 2nd period - Off-side.
0:20 of 2nd period - Jay Beagle wins face-off versus Mika Zibanejad in neutral zone.
0:41 of 2nd period - Icing by Bryan Rust.
0:42 of 2nd period - Mika Zibanejad wins face-off versus Jay Beagle in Jets zone.
1:38 of 2nd period - Minor Penalty to Zach Bogosian for Holding.
1:39 of 2nd period - Blake Comeau wins face-off versus Mikko Koivu in Jets zone.
1:56 of 2nd period - Shot by Anze Kopitar.
1:56 of 2nd period - Shot Misses the Net.
1:58 of 2nd period - Shot by Kyle Palmieri.
1:58 of 2nd period - Shot Blocked by Jake Muzzin.
2:00 of 2nd period - Shot by Shea Weber.
2:00 of 2nd period - Stopped by Ryan Miller without a rebound.
2:01 of 2nd period - Evgeny Kuznetsov wins face-off versus Mikko Koivu in Jets zone.
2:20 of 2nd period - Shot by Brady Skjei.
2:20 of 2nd period - Shot Blocked by Hampus Lindholm.
2:40 of 2nd period - Shot by Evgeny Kuznetsov.
2:40 of 2nd period - Stopped by Ryan Miller without a rebound.
2:41 of 2nd period - Mikko Koivu wins face-off versus Anze Kopitar in Jets zone.
2:41 of 2nd period - Mikko Koivu is hit by Blake Comeau.
3:02 of 2nd period - Shot by Anze Kopitar.
3:02 of 2nd period - Deflect By Kyle Palmieri.
3:02 of 2nd period - Stopped by Ryan Miller without a rebound.
3:03 of 2nd period - Evgeny Kuznetsov wins face-off versus Carter Rowney in Jets zone.
3:06 of 2nd period - Shot by Dion Phaneuf.
3:06 of 2nd period - Shot Misses the Net.
3:25 of 2nd period - Shot by Dion Phaneuf.
3:25 of 2nd period - Shot Misses the Net.
3:27 of 2nd period - Shot by Dion Phaneuf.
3:27 of 2nd period - Shot Blocked by Hampus Lindholm.
3:29 of 2nd period - Shot by Alex Galchenyuk.
3:29 of 2nd period - Stopped by Ryan Miller without a rebound.
3:30 of 2nd period - Mikko Koivu wins face-off versus Anze Kopitar in Jets zone.
3:38 of 2nd period - Icing by Blake Comeau.
3:39 of 2nd period - Patrice Bergeron wins face-off versus Chris Tierney in BlackHawks zone.
3:40 of 2nd period - Shot by Hampus Lindholm.
3:40 of 2nd period - Shot Misses the Net.
3:41 of 2nd period - Minor Penalty to Brent Seabrook for Tripping.
3:42 of 2nd period - Patrice Bergeron wins face-off versus Jay Beagle in BlackHawks zone.
3:59 of 2nd period - Shot by Jake Muzzin.
3:59 of 2nd period - Shot Misses the Net.
4:01 of 2nd period - Shot by Patrice Bergeron.
4:01 of 2nd period - Shot Misses the Net.
4:03 of 2nd period - Shot by Jake Muzzin.
4:03 of 2nd period - Goal by Jake Muzzin - Jets : 2 - BlackHawks : 0.
4:04 of 2nd period - Evgeny Kuznetsov wins face-off versus Mika Zibanejad in neutral zone.
4:07 of 2nd period - Shot by Alex Galchenyuk.
4:07 of 2nd period - Shot Misses the Net.
4:12 of 2nd period - Mika Zibanejad is hit by Brent Seabrook and loses puck.
4:22 of 2nd period - Bryan Rust is hit by Johnny Oduya and loses puck.
4:37 of 2nd period - Shot by Tomas Tatar.
4:37 of 2nd period - Shot Misses the Net.
5:22 of 2nd period - Hampus Lindholm is hit by Kyle Palmieri and loses puck.
5:31 of 2nd period - Shot by Kyle Palmieri.
5:31 of 2nd period - Shot Misses the Net.
5:33 of 2nd period - Shot by Dion Phaneuf.
5:33 of 2nd period - Shot Blocked by Jake Muzzin.
5:37 of 2nd period - Shot by Blake Comeau.
5:37 of 2nd period - Stopped by Ryan Miller without a rebound.
5:38 of 2nd period - Mikko Koivu wins face-off versus Chris Tierney in Jets zone.
5:38 of 2nd period - Mikko Koivu is hit by Tom Wilson.
5:44 of 2nd period - Shot by Tomas Tatar.
5:44 of 2nd period - Stopped by Carey Price with a rebound.
5:49 of 2nd period - Darnell Nurse is hit by Niklas Kronwall and loses puck.
5:58 of 2nd period - Shot by Boone Jenner.
5:58 of 2nd period - Stopped by Ryan Miller without a rebound.
5:59 of 2nd period - Mika Zibanejad wins face-off versus Jay Beagle in Jets zone.
7:11 of 2nd period - Icing by Brady Skjei.
7:12 of 2nd period - Anze Kopitar wins face-off versus Carl Soderberg in BlackHawks zone.
7:12 of 2nd period - Anze Kopitar is hit by Carl Soderberg.
8:18 of 2nd period - Shot by Patrice Bergeron.
8:18 of 2nd period - Stopped by Carey Price without a rebound.
8:19 of 2nd period - Mika Zibanejad wins face-off versus Chris Tierney in BlackHawks zone.
8:19 of 2nd period - Mika Zibanejad is hit by Dion Phaneuf.
8:51 of 2nd period - Shot by Bryan Rust.
8:51 of 2nd period - Shot Misses the Net.
9:16 of 2nd period - Icing by Dion Phaneuf.
9:17 of 2nd period - Tomas Tatar wins face-off versus Chris Tierney in BlackHawks zone.
9:20 of 2nd period - Shot by Carl Soderberg.
9:20 of 2nd period - Shot Misses the Net.
9:22 of 2nd period - Shot by Carter Rowney.
9:22 of 2nd period - Shot Misses the Net.
9:24 of 2nd period - Shot by Carter Rowney.
9:24 of 2nd period - Deflect By Tomas Tatar.
9:24 of 2nd period - Shot Misses the Net.
9:26 of 2nd period - Shot by Carl Soderberg.
9:26 of 2nd period - Goal by Carl Soderberg - Jets : 3 - BlackHawks : 0.
9:27 of 2nd period - Patrice Bergeron wins face-off versus Anze Kopitar in neutral zone.
9:27 of 2nd period - Jeff Skinner is hit by Blake Comeau.
9:31 of 2nd period - Shot by Patrice Bergeron.
9:31 of 2nd period - Shot Misses the Net.
9:51 of 2nd period - Shot by Anze Kopitar.
9:51 of 2nd period - Stopped by Ryan Miller without a rebound.
9:52 of 2nd period - Evgeny Kuznetsov wins face-off versus Mika Zibanejad in Jets zone.
10:01 of 2nd period - Shot by Mika Zibanejad.
10:01 of 2nd period - Stopped by Carey Price without a rebound.
10:02 of 2nd period - Jay Beagle wins face-off versus Mika Zibanejad in BlackHawks zone.
10:02 of 2nd period - Jay Beagle is hit by Bryan Rust.
10:15 of 2nd period - Shot by Mika Zibanejad.
10:15 of 2nd period - Shot Misses the Net.
10:17 of 2nd period - Shot by Hampus Lindholm.
10:17 of 2nd period - Stopped by Carey Price with a rebound.
10:19 of 2nd period - Shot by Hampus Lindholm.
10:19 of 2nd period - Stopped by Carey Price with a rebound.
10:27 of 2nd period - Shot by Mika Zibanejad.
10:27 of 2nd period - Stopped by Carey Price without a rebound.
10:28 of 2nd period - Evgeny Kuznetsov wins face-off versus Patrice Bergeron in BlackHawks zone.
10:33 of 2nd period - Shot by Alex Galchenyuk.
10:33 of 2nd period - Stopped by Ryan Miller without a rebound.
10:34 of 2nd period - Patrice Bergeron wins face-off versus Anze Kopitar in Jets zone.
10:34 of 2nd period - Patrice Bergeron is hit by Kyle Palmieri.
10:47 of 2nd period - Niklas Kronwall is hit by Blake Comeau and loses puck.
11:25 of 2nd period - Mika Zibanejad is hit by Shea Weber and loses puck.
11:34 of 2nd period - Shot by Mika Zibanejad.
11:34 of 2nd period - Deflect By Bryan Rust.
11:34 of 2nd period - Shot Misses the Net.
11:36 of 2nd period - Shot by Hampus Lindholm.
11:36 of 2nd period - Shot Misses the Net.
11:38 of 2nd period - Shot by Bryan Rust.
11:38 of 2nd period - Deflect By Tomas Tatar.
11:38 of 2nd period - Shot Misses the Net.
12:14 of 2nd period - Minor Penalty to Shea Weber for Tripping.
12:15 of 2nd period - Cam Atkinson wins face-off versus Chris Tierney in BlackHawks zone.
12:25 of 2nd period - Shot by Cam Atkinson.
12:25 of 2nd period - Shot Misses the Net.
12:33 of 2nd period - Shot by Jeff Skinner.
12:33 of 2nd period - Shot Misses the Net.
12:55 of 2nd period - Shot by Bryan Rust.
12:55 of 2nd period - Deflect By Mika Zibanejad.
12:55 of 2nd period - Shot Blocked by Darnell Nurse.
12:57 of 2nd period - Shot by Mika Zibanejad.
12:57 of 2nd period - Stopped by Carey Price without a rebound.
12:58 of 2nd period - Mika Zibanejad wins face-off versus Jay Beagle in BlackHawks zone.
13:09 of 2nd period - Shot by Hampus Lindholm.
13:09 of 2nd period - Shot Misses the Net.
13:11 of 2nd period - Shot by Jay Bouwmeester.
13:11 of 2nd period - Shot Blocked by Brent Seabrook.
13:13 of 2nd period - Shot by Hampus Lindholm.
13:13 of 2nd period - Shot Blocked by Alex Galchenyuk.
13:26 of 2nd period - Shot by Mika Zibanejad.
13:26 of 2nd period - Shot Misses the Net.
13:39 of 2nd period - Icing by Jeff Skinner.
13:40 of 2nd period - Patrice Bergeron wins face-off versus Jay Beagle in Jets zone.
15:46 of 2nd period - Shot by Anze Kopitar.
15:46 of 2nd period - Stopped by Ryan Miller without a rebound.
15:47 of 2nd period - Mikko Koivu wins face-off versus Evgeny Kuznetsov in Jets zone.
15:52 of 2nd period - Alex Galchenyuk is hit by Tomas Tatar and loses puck.
16:05 of 2nd period - Shot by Tomas Tatar.
16:05 of 2nd period - Shot Misses the Net.
16:07 of 2nd period - Shot by Mikko Koivu.
16:07 of 2nd period - Stopped by Carey Price without a rebound.
16:07 of 2nd period - Minor Penalty to Darnell Nurse for Hooking.
16:08 of 2nd period - Jay Beagle wins face-off versus Patrice Bergeron in BlackHawks zone.
16:29 of 2nd period - Shot by Cam Atkinson.
16:29 of 2nd period - Stopped by Carey Price without a rebound.
16:30 of 2nd period - Jay Beagle wins face-off versus Mika Zibanejad in BlackHawks zone.
16:59 of 2nd period - Shot by Jake Muzzin.
16:59 of 2nd period - Shot Hit the Post.
17:12 of 2nd period - Icing by Niklas Kronwall.
17:13 of 2nd period - Mika Zibanejad wins face-off versus Chris Tierney in Jets zone.
17:13 of 2nd period - Mika Zibanejad is hit by Scottie Upshall.
17:22 of 2nd period - Mika Zibanejad is hit by Shea Weber and loses puck.
17:52 of 2nd period - Shot by Jay Bouwmeester.
17:52 of 2nd period - Shot Blocked by Anze Kopitar.
17:54 of 2nd period - Shot by Cam Atkinson.
17:54 of 2nd period - Stopped by Carey Price without a rebound.
17:55 of 2nd period - Patrice Bergeron wins face-off versus Jay Beagle in BlackHawks zone.
18:07 of 2nd period - Icing by Jay Bouwmeester.
18:08 of 2nd period - Mikko Koivu wins face-off versus Evgeny Kuznetsov in Jets zone.
18:15 of 2nd period - Shot by Mikko Koivu.
18:15 of 2nd period - Stopped by Carey Price with a rebound.
18:37 of 2nd period - Shot by Mikko Koivu.
18:37 of 2nd period - Stopped by Carey Price with a rebound.
18:39 of 2nd period - Shot by Zach Bogosian.
18:39 of 2nd period - Stopped by Carey Price without a rebound.
18:40 of 2nd period - Chris Tierney wins face-off versus Patrice Bergeron in BlackHawks zone.
18:40 of 2nd period - Chris Tierney is hit by Cam Atkinson.
18:46 of 2nd period - Shot by Boone Jenner.
18:46 of 2nd period - Shot Blocked by Hampus Lindholm.
19:02 of 2nd period - Shot by Hampus Lindholm.
19:02 of 2nd period - Stopped by Carey Price without a rebound.
19:03 of 2nd period - Anze Kopitar wins face-off versus Bryan Rust in BlackHawks zone.
19:12 of 2nd period - Shot by Niklas Kronwall.
19:12 of 2nd period - Shot Misses the Net.
19:42 of 2nd period - Shot by Anze Kopitar.
19:42 of 2nd period - Shot Blocked by Bryan Rust.
19:51 of 2nd period - Icing by Jay Bouwmeester.
19:52 of 2nd period - Evgeny Kuznetsov wins face-off versus Josh Anderson in Jets zone.
19:59 of 2nd period - Shot by Evgeny Kuznetsov.
19:59 of 2nd period - Shot Blocked by Jay Bouwmeester.
Goals for this period are 2 for Jets vs 0 for BlackHawks.
Shots for this period are 16 for Jets vs 9 for BlackHawks.

3rd period


0:01 of 3rd period - Patrice Bergeron wins face-off versus Evgeny Kuznetsov in neutral zone.
0:13 of 3rd period - Minor Penalty to Dion Phaneuf for Roughing.
0:14 of 3rd period - Jay Beagle wins face-off versus Mika Zibanejad in BlackHawks zone.
0:27 of 3rd period - Jay Beagle is hit by Bryan Rust and loses puck.
0:46 of 3rd period - Shot by Niklas Kronwall.
0:46 of 3rd period - Stopped by Carey Price with a rebound.
0:48 of 3rd period - Shot by Jake Muzzin.
0:48 of 3rd period - Goal by Jake Muzzin - Jets : 4 - BlackHawks : 0.
0:49 of 3rd period - Cam Atkinson wins face-off versus Evgeny Kuznetsov in neutral zone.
1:06 of 3rd period - Shot by Jeff Skinner.
1:06 of 3rd period - Shot Blocked by Dion Phaneuf.
1:14 of 3rd period - Shot by Jeff Skinner.
1:14 of 3rd period - Shot Blocked by Dion Phaneuf.
1:16 of 3rd period - Shot by Zach Bogosian.
1:16 of 3rd period - Shot Misses the Net.
1:20 of 3rd period - Shot by Cam Atkinson.
1:20 of 3rd period - Stopped by Carey Price without a rebound.
1:21 of 3rd period - Chris Tierney wins face-off versus Josh Anderson in BlackHawks zone.
1:53 of 3rd period - Shot by Tomas Tatar.
1:53 of 3rd period - Shot Misses the Net.
2:48 of 3rd period - Shot by Bryan Rust.
2:48 of 3rd period - Stopped by Carey Price without a rebound.
2:49 of 3rd period - Anze Kopitar wins face-off versus Patrice Bergeron in BlackHawks zone.
3:22 of 3rd period - Shot by Jeff Skinner.
3:22 of 3rd period - Shot Blocked by Brent Seabrook.
4:09 of 3rd period - Icing by Johnny Oduya.
4:10 of 3rd period - Blake Comeau wins face-off versus Mika Zibanejad in BlackHawks zone.
4:24 of 3rd period - Off-side.
4:25 of 3rd period - Evgeny Kuznetsov wins face-off versus Mika Zibanejad in neutral zone.
5:06 of 3rd period - Shot by Evgeny Kuznetsov.
5:06 of 3rd period - Deflect By Alex Galchenyuk.
5:06 of 3rd period - Shot Misses the Net.
6:18 of 3rd period - Shot by Andrew Copp.
6:18 of 3rd period - Stopped by Ryan Miller without a rebound.
6:19 of 3rd period - Anze Kopitar wins face-off versus Carl Soderberg in Jets zone.
6:19 of 3rd period - Kyle Palmieri is hit by Niklas Kronwall and loses puck.
6:44 of 3rd period - Tomas Tatar is hit by Kyle Palmieri and loses puck.
7:10 of 3rd period - Bryan Rust is hit by Brent Seabrook and loses puck.
7:13 of 3rd period - Shot by Bryan Rust.
7:13 of 3rd period - Shot Misses the Net.
7:15 of 3rd period - Shot by Bryan Rust.
7:15 of 3rd period - Stopped by Carey Price with a rebound.
7:17 of 3rd period - Shot by Josh Anderson.
7:17 of 3rd period - Stopped by Carey Price without a rebound.
7:18 of 3rd period - Patrice Bergeron wins face-off versus Evgeny Kuznetsov in BlackHawks zone.
8:24 of 3rd period - Zach Bogosian is hit by Corey Perry and loses puck.
8:54 of 3rd period - Icing by Luca Sbisa.
8:55 of 3rd period - Jay Beagle wins face-off versus Mika Zibanejad in Jets zone.
9:41 of 3rd period - Minor Penalty to Johnny Oduya for Tripping.
9:42 of 3rd period - Patrice Bergeron wins face-off versus Jay Beagle in BlackHawks zone.
9:43 of 3rd period - Shot by Jeff Skinner.
9:43 of 3rd period - Shot Misses the Net.
9:45 of 3rd period - Shot by Cam Atkinson.
9:45 of 3rd period - Stopped by Carey Price with a rebound.
9:47 of 3rd period - Shot by Jake Muzzin.
9:47 of 3rd period - Shot Blocked by Brent Seabrook.
9:49 of 3rd period - Shot by Niklas Kronwall.
9:49 of 3rd period - Shot Misses the Net.
9:51 of 3rd period - Shot by Niklas Kronwall.
9:51 of 3rd period - Shot Misses the Net.
10:01 of 3rd period - Shot by Jake Muzzin.
10:01 of 3rd period - Shot Blocked by Jay Beagle.
10:03 of 3rd period - Shot by Patrice Bergeron.
10:03 of 3rd period - Shot Misses the Net.
10:05 of 3rd period - Shot by Jake Muzzin.
10:05 of 3rd period - Shot Blocked by Darnell Nurse.
10:07 of 3rd period - Shot by Patrice Bergeron.
10:07 of 3rd period - Stopped by Carey Price without a rebound.
10:08 of 3rd period - Bryan Rust wins face-off versus Chris Tierney in BlackHawks zone.
10:09 of 3rd period - Shot by Mika Zibanejad.
10:09 of 3rd period - Stopped by Carey Price without a rebound.
10:10 of 3rd period - Mika Zibanejad wins face-off versus Chris Tierney in BlackHawks zone.
11:25 of 3rd period - Shot by Niklas Kronwall.
11:25 of 3rd period - Shot Misses the Net.
11:31 of 3rd period - Shot by Jeff Skinner.
11:31 of 3rd period - Stopped by Carey Price with a rebound.
11:54 of 3rd period - Evgeny Kuznetsov is hit by Luca Sbisa and loses puck.
12:26 of 3rd period - Carl Soderberg is hit by Johnny Oduya.
12:36 of 3rd period - Shot by Chris Tierney.
12:36 of 3rd period - Goal by Chris Tierney - Jets : 4 - BlackHawks : 1.
12:37 of 3rd period - Mika Zibanejad wins face-off versus Anze Kopitar in neutral zone.
12:43 of 3rd period - Shot by Tomas Tatar.
12:43 of 3rd period - Stopped by Carey Price without a rebound.
12:44 of 3rd period - Boone Jenner wins face-off versus Patrice Bergeron in BlackHawks zone.
13:46 of 3rd period - Shot by Mika Zibanejad.
13:46 of 3rd period - Shot Blocked by Brady Skjei.
14:37 of 3rd period - Shot by Mikko Koivu.
14:37 of 3rd period - Shot Blocked by Johnny Oduya.
14:39 of 3rd period - Shot by Carl Soderberg.
14:39 of 3rd period - Shot Misses the Net.
15:08 of 3rd period - Shot by Mikko Koivu.
15:08 of 3rd period - Shot Hit the Post.
15:10 of 3rd period - Shot by Luca Sbisa.
15:10 of 3rd period - Shot Misses the Net.
16:27 of 3rd period - Shot by Andrew Copp.
16:27 of 3rd period - Stopped by Ryan Miller without a rebound.
16:28 of 3rd period - Mikko Koivu wins face-off versus Chris Tierney in Jets zone.
16:55 of 3rd period - Shot by Tomas Tatar.
16:55 of 3rd period - Shot Misses the Net.
17:07 of 3rd period - Chris Tierney is hit by Josh Anderson.
18:18 of 3rd period - Icing by Shea Weber.
18:19 of 3rd period - Bryan Rust wins face-off versus Anze Kopitar in BlackHawks zone.
18:26 of 3rd period - Shot by Tomas Tatar.
18:26 of 3rd period - Goal by Tomas Tatar - Jets : 5 - BlackHawks : 1.
18:27 of 3rd period - Corey Perry wins face-off versus Mika Zibanejad in neutral zone.
18:34 of 3rd period - Shot by Alex Galchenyuk.
18:34 of 3rd period - Stopped by Ryan Miller without a rebound.
18:35 of 3rd period - Mika Zibanejad wins face-off versus Evgeny Kuznetsov in Jets zone.
18:35 of 3rd period - Mika Zibanejad is hit by Corey Perry.
19:06 of 3rd period - Evgeny Kuznetsov is hit by Jay Bouwmeester and loses puck.
19:09 of 3rd period - Shot by Darnell Nurse.
19:09 of 3rd period - Stopped by Ryan Miller without a rebound.
19:10 of 3rd period - Patrice Bergeron wins face-off versus Kyle Palmieri in Jets zone.
19:31 of 3rd period - Anze Kopitar is hit by Jake Muzzin.
19:39 of 3rd period - Shot by Kyle Palmieri.
19:39 of 3rd period - Stopped by Ryan Miller without a rebound.
19:40 of 3rd period - Bryan Rust wins face-off versus Jay Beagle in Jets zone.
19:48 of 3rd period - Tomas Tatar is hit by Darnell Nurse and loses puck.
Goals for this period are 2 for Jets vs 1 for BlackHawks.
Shots for this period are 12 for Jets vs 6 for BlackHawks.